 Dungeon Crawl Stone Soup version 0.17-a0-870-gcb215c1 (webtiles) character file.

232 swiftsword94 the Sneak (level 5, 0/25 HPs)
             Began as a Felid Monk on Apr 29, 2015.
             Was a Believer of Dithmenos.
             Slain by Grinder (8 damage)
             ... while paralysed by Grinder
             ... on level 3 of the Dungeon.
             The game lasted 00:23:00 (4442 turns).

swiftsword94 the Sneak (Felid Monk)                 Turns: 4442, Time: 00:23:00

Health: 0/25       AC:  1    Str: 11    XL:     5   Next: 73%
Magic:  6/6        EV:  4    Int: 12    God:    Dithmenos [**....]
Gold:   158        SH:  0    Dex: 19    Spells: 0 memorised, 4 levels left
                                        Lives:  0   Deaths: 1

rFire  . . .     SeeInvis +       - Unarmed
rCold  . . .     Clarity  .     (armour unavailable)
rNeg   . . .     SustAb   .     (shield unavailable)
rPois  .         Gourm    .     (helmet unavailable)
rElec  .         Spirit   .     (cloak unavailable)
rCorr  .         Warding  .     (gloves unavailable)
rMut   .         Stasis   .     (boots unavailable)
MR     .....                    (no amulet)
Stlth  ++++++....               s - +4 ring of strength
                                n - ring of stealth

@: paralysed, wreathed by umbra, quick, not resistant to hostile enchantments,
very stealthy
A: no armour, no weapons or thrown items, claws 1, fangs 3, see invisible,
carnivore 3, speed 1, shaggy fur 1, slow metabolism 1, sharp paws
a: Shadow Step, Renounce Religion


You were on level 3 of the Dungeon.
You worshipped Dithmenos.
Dithmenos was pleased with you.
You were not hungry.

You visited 1 branch of the dungeon, and saw 3 of its levels.

You collected 158 gold pieces.

Inventory:

Jewellery
 n - a ring of stealth (left paw)
 r - an uncursed ring of positive energy
 s - a +4 ring of strength (right paw)
 w - a cursed -2 ring of intelligence
Magical devices
 j - a wand of slowing (45)
Scrolls
 b - 4 scrolls of identify
 e - a scroll of amnesia
 g - a scroll of random uselessness
 t - 2 scrolls of teleportation
Potions
 i - a potion of poison {unknown}
 k - a potion of resistance {unknown}
 l - a potion of curing {unknown}
 p - a potion of agility {unknown}
 u - a potion of brilliance {unknown}
Comestibles
 a - 2 meat rations
 c - 2 slices of pizza
 q - a beef jerky


   Skills:
 + Level 3.9 Fighting
 + Level 5.3 Dodging
 + Level 5.7 Stealth
 + Level 5.2 Unarmed Combat


You had 4 spell levels left.
You didn't know any spells.

Dungeon Overview and Level Annotations

Branches:
Dungeon (3/15)

Altars:
Cheibriados
Dithmenos
Elyvilon

Annotations:
D:3 Grinder


Innate Abilities, Weirdness & Mutations

You cannot wear armour.
You are incapable of wielding weapons or throwing items.
You have sharp claws.
You have razor-sharp teeth.
You have supernaturally acute eyesight.
You are carnivorous and can eat meat at any time.
You cover ground quickly.
You are covered in fur (AC +1).
You have a slow metabolism.
Your sharp claws are effective at attacking unaware monsters.


Message History

A goblin is nearby!
A goblin is nearby!
You start waiting.
Grinder barely misses you.
You scratch Grinder but do no damage. You claw Grinder, but do no damage.
Grinder completely misses you.
You scratch Grinder but do no damage. Grinder gestures at you.
Pain shoots through your body!
Ouch! That really hurt!
Grinder gestures at you. You resist with some effort. Grinder gestures at you.
You suddenly lose the ability to move!
Grinder gestures at you. Pain shoots through your body!
Grinder gestures at you.
You shrug off the repeated paralysis!
Grinder hits you!
You die...

#.....# #..##.♣♣P..#....#
♣.♣#♣## #..##PP♣♣P.#....# #.#
#..###.♣P..#....#
####♣.♣######..# #PP5#.#....####
#.....<....##..# ##♣...#5.......
##########.##..# ###.#.##.....
#.##..# #.#.##.....
##.##..#######.#.##.....
#......@5......#.#######
##########.##..#######.#.#......
#...............................
##.#######.##..#######.#.#......
#.# #.....♣.♣♣♣..............
#.# #.#.##P...♣####.#.#######
#.# #.#)..♣..P♣....g#.#
#.#####.#.##♣.....###.#.#
#...........♣♣♣♣♣## #.#.#


You could see Grinder.

Vanquished Creatures
  An ogre (D:3)
  The ghost of gtrocker the Poker, a weakling MfGl of Kikubaaqudgha (D:3)
  Robin (D:2)
  4 gnolls
  An adder (D:3)
  2 oozes
  A worm (D:2)
  10 orcs
  2 giant cockroaches
  13 goblins
  13 hobgoblins
  7 jackals
  5 kobolds
  3 quokkas
  10 bats
  4 giant newts
  6 rats
84 creatures vanquished.

Notes
Turn   | Place    | Note
--------------------------------------------------------------
     0 | D:1      | swiftsword94, the Felid Monk, began the quest for the Orb.
     0 | D:1      | Reached XP level 1. HP: 10/10 MP: 2/2
   563 | D:1      | Reached XP level 2. HP: 12/14 MP: 3/3
  1299 | D:2      | Reached XP level 3. HP: 13/17 MP: 4/4
  1453 | D:2      | Found a snail-covered altar of Cheibriados.
  1577 | D:2      | Noticed Robin
  2002 | D:2      | Killed Robin
  2002 | D:2      | Reached XP level 4. HP: 18/21 MP: 5/5
  2539 | D:3      | Noticed Grinder
  2544 | D:3      | Paralysed by Grinder for 6 turns
  2550 | D:3      | Mangled by Grinder
  2551 | D:3      | Reached XP level 3. HP: -7/17 MP: 4/4
  2563 | D:3      | Reached XP level 4. HP: 9/21 MP: 5/5
  2765 | D:3      | Found a white marble altar of Elyvilon.
  2834 | D:3      | Found a shadowy altar of Dithmenos.
  2837 | D:3      | Noticed an ogre
  2852 | D:3      | Killed an ogre
  2852 | D:3      | Reached skill level 5 in Dodging
  2852 | D:3      | Reached skill level 5 in Stealth
  2852 | D:3      | Reached skill level 5 in Unarmed Combat
  2852 | D:3      | Reached XP level 5. HP: 23/25 MP: 6/6
  2859 | D:3      | Became a worshipper of Dithmenos the Shadowed
  2859 | D:3      | Acquired Dithmenos's first power
  3446 | D:3      | Noticed gtrocker's ghost (weakling MfGl)
  4276 | D:3      | Killed gtrocker's ghost
  4436 | D:3      | Paralysed by Grinder for 7 turns
  4442 | D:3      | Slain by Grinder

Action                   |  1- 3 |  4- 6 || total
-------------------------+-------+-------++-------
Melee: Unarmed           |   130 |   110 ||   240
  Use: Scroll            |       |    10 ||    10
 Stab: Sleeping          |     4 |    14 ||    18
       Distracted        |     1 |     1 ||     2
  Eat: Chunk             |     7 |     3 ||    10
